 Dungeon Crawl Stone Soup version 0.23.2-1-ga50397a (webtiles) character file.

Game seed: 10784273442440294344

12792 kae the Martial Artist (level 11, -7/70 HPs)
             Began as a Demonspawn Transmuter on Apr 18, 2019.
             Was an Elder of Wu Jian.
             Killed from afar by Fannar (19 damage)
             ... with a bolt of cold
             ... on level 1 of the Lair of Beasts.
             The game lasted 00:20:29 (14926 turns).

kae the Martial Artist (Demonspawn Transmuter)     Turns: 14926, Time: 00:20:30

Health: -7/70      AC:  3    Str: 10    XL:     11   Next: 67%
Magic:  0/18       EV: 17    Int: 15    God:    Wu Jian [****..]
Gold:   700        SH:  0    Dex: 22    Spells: 4/19 levels left

rFire    . . .     SeeInvis .     - Unarmed
rCold    . . .     Gourm    .   (no shield)
rNeg     . . .     Faith    .   b - +1 robe
rPois    .         Spirit   +   (helmet restricted)
rElec    .         Reflect  .   c - scarf {Spirit}
rCorr    .         Harm     .   (no gloves)
MR       .....                  (no boots)
Stlth    ++++......             (no amulet)
HPRegen  0.21/turn              H - +5 ring of dexterity
MPRegen  0.16/turn              y - +4 ring of evasion

@: no status effects
A: claws 2, horns 1, talons 1, nightstalker 2
a: Wall Jump, Serpent's Lash, Renounce Religion


You were on level 1 of the Lair of Beasts.
You worshipped Wu Jian.
Wu Jian was greatly pleased with you.
You were very hungry.

You visited 2 branches of the dungeon, and saw 12 of its levels.

You collected 700 gold pieces.

Inventory:

Hand Weapons
 h - a +2 dagger of venom
 A - the +6 battleaxe "Ribb" {chop, rElec rC- Str+4, unknown}
   (You found it on level 8 of the Dungeon)

   It inflicts extra damage upon your enemies.
   It affects your strength (+4).
   It makes you vulnerable to cold.
   It insulates you from electricity.
Missiles
 a - 248 arrows
Armour
 b - a +1 robe (worn)
 c - a scarf of spirit shield (worn)
 q - a scarf of resistance
 z - the +3 large shield of the Lost Path {Dex+7}
   (You found it on level 6 of the Dungeon)

   It affects your dexterity (+7).
Jewellery
 i - an uncursed ring of ice
 j - a +2 ring of protection
 y - a +4 ring of evasion (right claw)
 H - a +5 ring of dexterity (left claw)
 I - an uncursed ring of fire
Wands
 u - a wand of iceblast (27)
 x - a wand of disintegration (10)
Scrolls
 e - 7 scrolls of remove curse
 g - 2 scrolls of fog
 k - 3 scrolls of teleportation
 l - 2 scrolls of magic mapping
 m - 3 scrolls of enchant armour
 n - a scroll of identify
 v - a scroll of amnesia
 D - a scroll of enchant weapon
Potions
 f - 3 potions of flight
 o - 2 potions of mutation
 p - a potion of berserk rage
 r - 5 potions of lignification
 s - a potion of agility
 t - 3 potions of brilliance
 w - 2 potions of resistance
 B - 2 potions of heal wounds
 C - 6 potions of curing
 E - a potion of magic
 J - a potion of might
Comestibles
 d - 12 rations
 F - 3 chunks of flesh


   Skills:
 - Level 1.0 Fighting
 - Level 1.7 Dodging
 * Level 12.8 Unarmed Combat
 + Level 4.8 Spellcasting
 + Level 10.8 Transmutations


You had 4 spell levels left.
You knew the following spells:

 Your Spells              Type           Power        Failure   Level  Hunger
a - Beastly Appendage     Tmut           #####.       1%          1    None
b - Sticks to Snakes      Tmut           #####...     1%          2    ##.....
c - Spider Form           Tmut/Pois      ###.......   5%          3    ###....
d - Blade Hands           Tmut           #####.....   5%          5    ######.
e - Ice Form              Ice/Tmut       ###.....     19%         4    ####...

Your spell library contained the following spells:

 Spells                   Type           Power        Failure   Level  Hunger
 Animate Skeleton         Necr           N/A          17%         1    None
 Pain                     Necr           #...         17%         1    None
 Regeneration             Chrm/Necr      #.........   45%         3    ###....
 Vampiric Draining        Necr           #.........   45%         3    ###....
 Animate Dead             Necr           N/A          86%         4    ####...
 Summon Lightning Spire   Summ/Air       #.......     86%         4    ####...
 Bolt of Magma            Conj/Fire/Erth #.........   99%         5    ######.
 Iskenderun's Battlesphe  Conj/Chrm      #.......     99%         5    ######.
 Silence                  Hex/Air        #.........   99%         5    ######.
 Venom Bolt               Conj/Pois      #.........   99%         5    ######.
 Conjure Ball Lightning   Conj/Air       #.........   100%        6    #######
 Deflect Missiles         Chrm/Air       #.........   100%        6    #######
 Iron Shot                Conj/Erth      #.........   100%        6    #######
 Orb of Destruction       Conj           #.........   100%        7    #######
 Spellforged Servitor     Conj/Summ      #.........   100%        7    #######
 Tornado                  Air            #.........   100%        9    #######


Dungeon Overview and Level Annotations

Branches:
Dungeon (11/15)            Temple (0/1) D:6            Lair (1/6) D:9
    Orc (0/2) D:10

Altars:
Ashenzari
Dithmenos
Elyvilon
Gozag
Makhleb
Nemelex Xobeh
Okawaru
Qazlal
Ru
Trog
Uskayaw
Wu Jian
Yredelemnul
Zin

Shops:
D:5 }

Annotations:
D:2 1 runed translucent door, Crazy Yiuf
D:8 exclusions: centaur and ogre
D:11 exclusion: hydra
Lair:1 exclusion: wolf, Fannar, Grum, Sonja


Innate Abilities, Weirdness & Mutations

You have very sharp fingernails.
You have a pair of small horns on your head.
You have sharp toenails.
You are significantly more attuned to the shadows.


Message History

You hear a howl!
You slash Fannar!
Fannar is almost dead.
Fannar completely misses you.
You hit Fannar but do no damage.
Fannar is almost dead.
You hit Fannar. Your kick misses Fannar. Your headbutt misses Fannar.
Fannar is almost dead.
Your hands revert to their normal proportions.
The wolf bites you! x2
* * * LOW HITPOINT WARNING * * *
Fannar closely misses you. The wolf bites you.
* * * LOW HITPOINT WARNING * * *
You barely miss Fannar. You claw Fannar, but do no damage.
You headbutt Fannar, but do no damage. Your claw misses Fannar.
Fannar is almost dead.
The wolf misses you. The wolf completely misses you.
Fannar points at you and mumbles some strange words.
The bolt of cold hits you!!
You die...

#.............. .P....#
#...######.####
.#..P.####### ##..#
.....>.......
#................. #...#
........###.#####. ....#
##### ##....... ### #.
....####.#P####....... #.
................hh.... #.
................@e....e.
#.
................#####..##
#. ...###...####...#
#...# ##. ...# #####
#...# #...# #.. ...#
#...# #!.# ##. ...# #...#
#..# #. ...# #..# ##.
...# ##..# ###.. ...# ..
#...######.#..


You could see Fannar and 2 wolves.

Vanquished Creatures
  Harold (D:9)
  A two-headed ogre (D:10)
  The ghost of ABBCCCDDDD the Magician, a novice OpEE of Dithmenos (D:8)
  An unseen horror (D:11)
  A manticore (D:11)
  A centaur zombie (D:11)
  Maurice (D:10)
  Joseph (D:7)
  Psyche (D:9)
  2 spiny frogs (Lair:1)
  A polar bear (D:9)
  A merfolk (D:10)
  4 hippogriffs
  Grinder (D:6)
  4 yaks (Lair:1)
  A wraith (D:10)
  A wyvern (D:11)
  2 basilisks
  A hungry ghost (D:10)
  2 water moccasins (Lair:1)
  A porcupine (Lair:1)
  2 black bears
  An orc warrior (D:9)
  3 phantoms
  4 ice beasts
  4 sky beasts
  An ogre (D:7)
  3 wolves (D:9)
  5 centaurs
  A crocodile (Lair:1)
  A big kobold (D:8)
  9 bullfrogs
  6 scorpions
  3 jellies (D:9)
  3 killer bees (D:9)
  5 wights
  A howler monkey (D:9)
  An electric eel (D:9)
  9 crimson imps
  11 orc wizards
  A hound (D:11)
  3 quasits
  3 bullfrog zombies
  4 orc priests
  4 bullfrog skeletons
  A centaur skeleton (D:7)
  An iguana (D:6)
  11 worker ants
  A bullfrog simulacrum (D:9)
  A hound zombie (D:10)
  2 worker ant zombies
  Robin (D:3)
  7 adders
  A howler monkey skeleton (D:5)
  A shadow imp (D:6)
  A white imp (D:9)
  A worker ant simulacrum (D:9)
  An ooze (D:3)
  3 adder skeletons
  4 worms
  4 dart slugs
  An adder simulacrum (D:9)
  3 leopard geckos
  45 orcs
  2 ball pythons
  6 giant cockroaches
  18 goblins
  15 hobgoblins
  9 jackals
  11 kobolds
  5 quokkas
  6 bats
  6 frilled lizards
  A jackal skeleton (D:5)
  2 quokka zombies (D:8)
  8 rats
297 creatures vanquished.

Vanquished Creatures (collateral kills)
  An ogre (D:5)
1 creature vanquished.

Vanquished Creatures (others)
  A bat (D:3)
  4 fungi (D:9)
5 creatures vanquished.

Grand Total: 303 creatures vanquished

Notes
Turn   | Place    | Note
-------+----------+-------------------------------------------
     0 | D:1      | kae the Demonspawn Transmuter began the quest for the Orb.
     0 | D:1      | Reached XP level 1. HP: 15/15 MP: 3/3
   143 | D:1      | Gained mutation: You are slightly more attuned to the
                  | shadows. [demonic ancestry]
   143 | D:1      | Reached XP level 2. HP: 16/21 MP: 3/5
   599 | D:1      | Reached XP level 3. HP: 22/26 MP: 4/6
   901 | D:2      | Gained mutation: You have sharp toenails. [demonic
                  | ancestry]
   901 | D:2      | Reached XP level 4. HP: 7/32 MP: 7/7
  1172 | D:2      | Learned a level 2 spell: Sticks to Snakes
  1176 | D:2      | Learned a level 3 spell: Spider Form
  1939 | D:2      | Found a runed translucent door.
  1940 | D:2      | Noticed Crazy Yiuf
  1979 | D:3      | Noticed Robin
  2326 | D:3      | Killed Robin
  2326 | D:3      | Reached XP level 5. HP: 29/37 MP: 5/8
  2387 | D:3      | Found a faded altar of an unknown god.
  2467 | D:3      | Reached skill level 5 in Transmutations
  2821 | D:3      | Found a shattered altar of Ashenzari.
  2942 | D:3      | Found a stormy altar of Qazlal.
  2995 | D:3      | Found a white marble altar of Elyvilon.
  3254 | D:4      | Gained mutation: You are significantly more attuned to the
                  | shadows. [demonic ancestry]
  3254 | D:4      | Reached XP level 6. HP: 34/43 MP: 6/9
  3536 | D:4      | Found an ornate altar of the Wu Jian Council.
  4030 | D:4      | Became a worshipper of the Wu Jian Council
  4058 | D:5      | Entered Level 5 of the Dungeon
  4182 | D:5      | Reached skill level 3 in Unarmed Combat
  4303 | D:5      | Found Yboel's Gadget Shoppe.
  4325 | D:5      | HP: 2/43 [poisoned by an orc priest]
  4761 | D:5      | Found a hide-covered altar of Uskayaw.
  4814 | D:5      | Reached skill level 4 in Unarmed Combat
  4814 | D:5      | Gained mutation: You have sharp fingernails. [demonic
                  | ancestry]
  4814 | D:5      | Reached XP level 7. HP: 33/48 MP: 5/10
  5261 | D:6      | Found a glowing silver altar of Zin.
  5329 | D:6      | Found a staircase to the Ecumenical Temple.
  5415 | D:6      | Reached skill level 5 in Unarmed Combat
  6196 | D:6      | Reached XP level 8. HP: 52/54 MP: 9/11
  6209 | D:6      | Found an iron altar of Okawaru.
  6212 | D:6      | Found a shadowy altar of Dithmenos.
  6213 | D:6      | Found a burning altar of Makhleb.
  6213 | D:6      | Found a sacrificial altar of Ru.
  6218 | D:6      | Reached * piety under Wu Jian
  6389 | D:6      | Learned a level 5 spell: Blade Hands
  6519 | D:6      | Reached skill level 6 in Unarmed Combat
  6670 | D:6      | Noticed Grinder
  6685 | D:6      | Killed Grinder
  6967 | D:6      | Got a bloodstained large shield
  6982 | D:6      | HP: 1/54 [orc/+0 whip (4)]
  7433 | D:6      | Reached skill level 7 in Unarmed Combat
  7987 | D:7      | Noticed a hippogriff
  8019 | D:7      | Killed a hippogriff
  8019 | D:7      | Reached skill level 8 in Unarmed Combat
  8019 | D:7      | Reached XP level 9. HP: 40/59 MP: 5/12
  8245 | D:7      | Found a bloodstained altar of Trog.
  8355 | D:7      | Noticed Joseph
  8466 | D:7      | Killed Joseph
  8595 | D:8      | Identified the +3 large shield of the Lost Path {Dex+7}
                  | (You found it on level 6 of the Dungeon)
  8639 | D:8      | Reached skill level 9 in Unarmed Combat
  8830 | D:8      | Got a dazzling battleaxe
  8998 | D:8      | Reached ** piety under Wu Jian
  9827 | D:8      | Reached skill level 10 in Unarmed Combat
 10056 | D:8      | Found a large runed translucent door.
 10056 | D:8      | Found a large runed translucent door.
 10058 | D:8      | Noticed ABBCCCDDDD's ghost (novice OpEE)
 10075 | D:8      | Killed ABBCCCDDDD's ghost
 10075 | D:8      | Gained mutation: You have very sharp fingernails. [demonic
                  | ancestry]
 10075 | D:8      | Reached XP level 10. HP: 56/65 MP: 7/13
 10188 | D:9      | Found a sparkling altar of Nemelex Xobeh.
 10232 | D:9      | Noticed Psyche
 10249 | D:9      | Killed Psyche
 10507 | D:9      | Noticed Harold
 10541 | D:9      | Killed Harold
 10541 | D:9      | Reached skill level 11 in Unarmed Combat
 11101 | D:9      | Reached *** piety under Wu Jian
 11115 | D:9      | Found a staircase to the Lair.
 11138 | D:9      | Reached skill level 10 in Transmutations
 11395 | D:9      | Found an opulent altar of Gozag.
 11885 | D:9      | You fall through a shaft!
 11885 | D:10     | Entered Level 10 of the Dungeon
 11943 | D:9      | Found a basalt altar of Yredelemnul.
 12306 | D:10     | Found a staircase to the Orcish Mines.
 12378 | D:10     | Gained mutation: You have a pair of small horns on your
                  | head. [demonic ancestry]
 12378 | D:10     | Reached XP level 11. HP: 66/70 MP: 11/15
 12404 | D:10     | Noticed a two-headed ogre
 12412 | D:10     | Killed a two-headed ogre
 12646 | D:10     | Noticed Maurice
 12657 | D:10     | Killed Maurice
 12657 | D:10     | Reached skill level 12 in Unarmed Combat
 13048 | D:11     | Noticed a seven-headed hydra
 13187 | D:11     | Killed an unseen horror
 13729 | D:11     | Reached **** piety under Wu Jian
 13986 | Lair:1   | Entered Level 1 of the Lair of Beasts
 13993 | Lair:1   | Learned a level 4 spell: Ice Form
 14134 | Lair:1   | Noticed Fannar
 14179 | Lair:1   | Noticed Grum
 14876 | Lair:1   | Noticed Sonja
 14926 | Lair:1   | Killed from afar by Fannar

Skill      XL: |  1  2  3  4  5  6  7  8  9 10 11 |
---------------+----------------------------------+-----
Transmutations | 2 3 4 5 6 7 8 9 10 | 10.8
Unarmed Combat | 4 5 8 10 11 12 | 12.8
Spellcasting   | 3 4 |  4.8
Fighting       | |  1.0
Dodging        | |  1.7

Action                   |  1- 3 |  4- 6 |  7- 9 | 10-12 || total
-------------------------+-------+-------+-------+-------++-------
Melee: Unarmed           |    33 |    66 |   240 |   303 ||   642
       Kick              |     4 |    49 |    51 |    77 ||   181
       Headbutt          |     3 |     6 |       |    24 ||    33
       Dagger            |    84 |   193 |   163 |       ||   440
       Punch             |     1 |     1 |     3 |    16 ||    21
 Cast: Beastly Appendage |    10 |     7 |       |       ||    17
       Spider Form       |       |     8 |    26 |       ||    34
       Sticks to Snakes  |       |     1 |     2 |       ||     3
       Blade Hands       |       |       |     2 |    23 ||    25
       Ice Form          |       |       |       |     2 ||     2
Invok: Lunge             |       |     8 |    30 |    23 ||    61
       Whirlwind         |       |       |     6 |     1 ||     7
  Use: Scroll            |     1 |    15 |     4 |     4 ||    24
       Potion            |       |     2 |     2 |     1 ||     5
 Stab: Sleeping          |     1 |    19 |    14 |    19 ||    53
       Distracted        |       |       |     1 |       ||     1
  Eat: Chunk             |       |    10 |    12 |    20 ||    42
       Ration            |       |     1 |     3 |     1 ||     5
Armor: Robe              |    26 |    38 |    54 |    56 ||   174
       Skin              |       |     8 |    20 |       ||    28
Dodge: Dodged            |    73 |   162 |   218 |   122 ||   575
